 Dungeon Crawl Stone Soup version 0.26-a0-307-g4e7fcc93f0 (webtiles) character file.

Game seed: 1243749082465283349

1 ANON1729 the Conjurer (level 1, -5/14 HPs)
             Began as a Draconian Conjurer on July 15, 2020.
             Slain by a gnoll
             ... wielding a +1 spear of freezing
              (9 damage)
             ... on level 1 of the Dungeon.
             The game lasted 00:00:49 (202 turns).

ANON1729 the Conjurer (Draconian Conjurer)           Turns: 202, Time: 00:00:49

Health: -5/14      AC:  4    Str:  9    XL:     1   Next: 16%
Magic:  3/3        EV: 12    Int: 18    God:
Gold:   0          SH:  0    Dex:  9    Spells: 3/4 levels left

rFire    . . .     SeeInvis .   c - +0 spear
rCold    . . .     Faith    .   (no shield)
rNeg     . . .     Spirit   .   (armour unavailable)
rPois    .         Reflect  .   (helmet restricted)
rElec    .         Harm     .   (no cloak)
rCorr    .                      (no gloves)
MR       .....                  (no boots)
Stlth    ++........             (no amulet)
HPRegen  0.04/turn              (no ring)
MPRegen  0.08/turn              (no ring)

@: no status effects
A: unfitting armour, cold-blooded, AC +4
a: no special abilities


You were on level 1 of the Dungeon.
You visited 1 branch of the dungeon, and saw 1 of its levels.

Inventory:

Hand Weapons
 c - a +0 spear (weapon)
Scrolls
 a - a scroll of amnesia {unknown}
 b - a scroll of identify {unknown}


   Skills:
 + Level 1.8 Dodging
 + Level 1.8 Stealth
 + Level 2.0 Spellcasting
 + Level 4.0 Conjurations


You had 3 spell levels left.
You knew the following spells:

 Your Spells              Type           Power        Failure   Level
a - Magic Dart            Conj           ###.         3%          1

Your spell library contained the following spells:

 Spells                   Type           Power        Failure   Level
 Searing Ray              Conj           ###...       5%          2
 Dazzling Flash           Conj/Hex       #.....       24%         3
 Fulminant Prism          Conj/Hex       #.........   61%         4
 Iskenderun's Mystic Bla  Conj/Tloc      #.......     61%         4


Dungeon Overview and Level Annotations

Branches:
Dungeon (1/15)

Altars:


Innate Abilities, Weirdness & Mutations

Your plain brown scales are hard. (AC +4)
You cannot fit into any form of body armour.
You are cold-blooded and may be slowed by cold attacks.


Message History

Ouch! That really hurt!
The gnoll freezes you.
* * * LOW HITPOINT WARNING * * *
The ball python barely misses you. The ball python constricts you.
You escape the ball python's grasp.
Firing (i - inventory) No suitable missiles.
Press: ? - help, Shift-Dir - straight line, f/p - gnoll
Aim: a gnoll, wielding a +1 spear of freezing
Okay, then.
Casting: Magic Dart (safe; 3% risk of failure)
Confirm with . or Enter, or press ? or * to list all spells.
Aiming: Magic Dart (safe; 3% risk of failure)
Press: ? - help, Shift-Dir - straight line, f/p - gnoll
Aim: a gnoll, wielding a +1 spear of freezing The magic dart hits the ball python.
You kill the ball python!
There is an escape hatch in the floor here.
The gnoll hits you from afar with a +1 spear of freezing!
Ouch! That really hurt!
You die...

#.#..>..#..#
#.###.###..# ...
#.#....# ...
###.#######.###..# ..#
#......>......#..# ..#
.#####.#####.#.## .)#
#.#...#.#.# ..#
###.###.###.# ..#
#.....#@.g..# ..##.
###.###.###.# ..##.
#.#...#.#.#
.###.#.#####.#####.#.#
†###.................#
...#..#########...#..#
.....#.########.....##
.#............####.##
.#####.######.#
#.#######


You could see a gnoll.

Vanquished Creatures
  A ball python (D:1)
  A goblin (D:1)
2 creatures vanquished.

Notes
Turn   | Place    | Note
-------+----------+-------------------------------------------
     0 | D:1      | ANON1729 the Draconian Conjurer began the quest for the
                  | Orb.
     0 | D:1      | Reached XP level 1. HP: 14/14 MP: 3/3
   202 | D:1      | Slain by a gnoll

Illustrated notes

Levels and vault maps discovered:
D:1:      evilmike_arrival_hilbert_curve, layout_basic, st_stairs_11

Action                   || total
-------------------------++-------
Melee: Spear             ||     7
 Cast: Magic Dart        ||     1
 Stab: Sleeping          ||     1
Armor: Skin              ||     3
Dodge: Dodged            ||     6

Table legend:
 A = Non-vault XP
 B = Vault XP
 C = Vault XP percentage of total XP
 D = Non-vault monster count
 E = Vault monster count
 F = Vault count percentage of total count
                 A         B        C        D         E       F
            +---------+---------+-------+---------+---------+-------
      Total |       2 |       0 |   0.0 |       2 |       0 |   0.0
            +---------+---------+-------+---------+---------+-------
        D:1 |       2 |       0 |   0.0 |       2 |       0 |   0.0
            +---------+---------+-------+---------+---------+-------
